AoeStats
← [CUBA] Patron

Morass

502980999Analyzed
2v2 EW · 1mo ago on Aug 29, 2026· 14m 43s· 4 players
Game mode
Empire Wars
Map size
Medium (4 player)
Population
200
Speed
Normal
Resources
Standard
Victory
Conquest
Starting age
Feudal Age
Ending age
Imperial Age
RankedLock teamsTeams togetherTeam positionsShared explorationLock speedFull tech treeHidden civsTurbo modeCheats
Victory
Defeat
🇫🇷 Britons · France
1401
+9
🇺🇸 Magyars · United States
1289
+14
🇸🇪 Aztecs · Sweden
1246
-12
🇷🇺 Burgundians · Russia
1238
-11
PoTitoz
1:40 Forging
2:16 Double-Bit Axe
2:37 Scale Mail Armor
4:18 Fletching
5:24 Padded Archer Armor
11:57 Castle Age
10:38 Horse Collar
12:46 Squires
12:38 Eagle Warrior
13:40 Bow Saw
15:09 Heavy Plow
[CUBA] Patron
4:08 Town Watch
4:11 Double-Bit Axe
8:03 Forging
7:53 Scale Mail Armor
9:04 Scale Mail Armor
Chirp
3:31 Bloodlines
9:35 Castle Age
8:21 Fletching
9:01 Gold Mining
10:36 Husbandry
10:41 Bodkin Arrow
11:26 Wheelbarrow
13:38 Thumb Ring
14:39 Padded Archer Armor
Mr.smeagoul
0:59 Double-Bit Axe
5:34 Fletching
6:06 Town Watch
7:31 Padded Archer Armor
9:43 Wheelbarrow
12:14 Castle Age
10:52 Horse Collar
11:04 Gold Mining
12:24 Crossbowman
13:01 Bodkin Arrow
13:25 Bow Saw
15:27 Ballistics
Connection lost

Rejoining the realm…

Still unreachable

The connection could not be restored.

Session expired

The server has moved on; the page needs a fresh start.